 Dungeon Crawl Stone Soup version 0.31-a0-542-gdc2a67831c (webtiles) character file.

Game seed: 8104140281882689038

6521 GloriousHammer the Slicer (level 11, -2/55 HPs)
             Began as a Vine Stalker Brigand on Aug 14, 2023.
             Was a Believer of Uskayaw.
             Slain by an orc knight
             ... wielding a +0 war axe
              (15 damage)
             ... in a bailey.
             The game lasted 00:26:11 (10540 turns).

GloriousHammer the Slicer (Vine Stalker Brigand)   Turns: 10540, Time: 00:26:11

Health: -2/55      AC:  8    Str: 14    XL:     11   Next: 0%
Magic:  0/16       EV: 11    Int: 11    God:    Uskayaw [**....]
Gold:   465        SH:  0    Dex: 20    Spells: 8/10 levels left

rFire   . . .        q - +2 dagger (flame)
rCold   . . .        (no shield)
rNeg    . . .        H - +0 troll leather armour
rPois   .            A - +2 hat
rElec   .            c - +0 cloak
rCorr   .            (no gloves)
SInv    .            C - +0 pair of boots
Will    +....        F - amulet of faith
Stlth   +++          Z - ring of wizardry
HPRegen 1.89/turn    (no ring)
MPRegen 0.15/turn

%: guardian spirit, faith, wizardry (x1)
@: mighty
A: fangs 3, regeneration 1, magic shield, antimagic bite, no potion heal 2
a: Renounce Religion, Stomp, Line Pass


You were in a bailey.
You worshipped Uskayaw.
Uskayaw was noncommittal.
You visited 2 branches of the dungeon, and saw 10 of its levels.
You also visited: Ossuary and Bailey.

You collected 588 gold pieces.
You spent 123 gold pieces at shops.

Inventory:

Hand Weapons
 q - a +2 dagger of flaming (weapon)
 I - a +1 dagger of venom
Missiles
 d - 43 poisoned darts (quivered)
 e - 4 curare-tipped darts
 f - 13 boomerangs
 m - 3 throwing nets
Armour
 c - a +0 cloak (worn)
 o - a +3 ring mail
 p - a +0 scale mail
 r - the +1 robe of Tomorrow {rF+}
   (You found it on level 3 of the Dungeon)

   rF+:       It protects you from fire.
 y - a +2 robe of willpower
 A - a +2 hat (worn)
 C - a +0 pair of boots (worn)
 H - a +0 troll leather armour (worn)
Jewellery
 F - an amulet of faith (around neck)
 Z - a ring of wizardry (left hand)
Wands
 a - a wand of light (2)
 z - a wand of digging (3)
Scrolls
 i - 2 scrolls of enchant weapon {unknown}
 j - 3 scrolls of revelation
 l - 6 scrolls of teleportation
 s - 2 scrolls of enchant armour
 w - a scroll of silence {unknown}
 D - 3 scrolls of fear {unknown}
 E - a scroll of vulnerability {unknown}
 G - a scroll of poison {unknown}
 J - 2 scrolls of amnesia {unknown}
Potions
 b - 2 potions of magic
 g - a potion of ambrosia
 h - 4 potions of curing
 k - 4 potions of lignification
 n - a potion of berserk rage {unknown}
 t - 4 potions of attraction
 u - 2 potions of might
 v - 4 potions of enlightenment
 x - a potion of brilliance {unknown}
 B - 3 potions of haste {unknown}


   Skills:
 + Level 5.1 Fighting
 - Level 10.0 Short Blades
 - Level 4.0 Throwing
 - Level 6.0 Armour
 - Level 0.7 Dodging
 - Level 6.0 Stealth
 + Level 2.5 Transmutations
 + Level 6.4 Invocations


You had 8 spell levels left.
You knew the following spells:

 Your Spells              Type           Power      Damage    Failure   Level
a - Wereblood             Tmut           5%         N/A       10%         2

Your spell library contained the following spells:

 Spells                   Type           Power      Damage    Failure   Level
 Summon Small Mammal      Summ           0%         N/A       17%         1
 Cigotuvi's Dreadful Rot  Necr/Pois/Air  0%         N/A       26%         2
 Sublimation of Blood     Necr           0%         N/A       26%         2
 Call Canine Familiar     Summ           0%         N/A       45%         3
 Summon Guardian Golem    Hex/Summ       0%         N/A       45%         3
 Dispel Undead            Necr           0%         3d6       83%         4
 Death Channel            Necr           0%         N/A       100%        6
 Summon Hydra             Summ           0%         N/A       100%        7


Dungeon Overview and Level Annotations

Branches:
Dungeon (9/15)             Temple (1/1) D:4             Orc (0/2) D:9
Ossuary (visited)          Bailey (1/1)
   Lair: D:8-11

Altars:
Ashenzari
Cheibriados
Dithmenos
Elyvilon
Fedhas
Gozag
Hepliaklqana
Kikubaaqudgha
Makhleb
Nemelex Xobeh
Okawaru
Qazlal
Sif Muna
Trog
Uskayaw
Wu Jian
Xom
Yredelemnul
Zin
The Shining One

Shops:
D:3 ?

Annotations:
D:5 exclusion: downstairs
D:7 3 runed translucent doors, Unforgiven's ghost, novice TrFi
D:8 Joseph


Innate Abilities, Weirdness & Mutations

You have razor-sharp teeth.
Your natural rate of healing is unusually fast.
When hurt, damage is shared between your health and your magic reserves.
Your bite disrupts and absorbs the magic of your enemies.
Potions cannot restore your health.


Message History

The orc no longer looks unusually strong.
Things that are here:
a +0 hand axe; a +0 leather armour; an orc skeleton
There is an open door here.
Items here: )) [[ ÷÷.
Things that are here:
a +0 broad axe; a +3 ring mail; an orc skeleton
o - a +3 ring mail
There is an open door here.
You hit the gnoll but do no damage. Your bite misses the gnoll.
The gnoll hits you but does no damage.
You completely miss the gnoll. You closely miss the gnoll. You bite the gnoll!
You drain its power.
The gnoll is heavily wounded.
The gnoll hits you with a +0 hand axe.
You hit the gnoll. You burn the gnoll.
You kill the gnoll!
The orc hits you with a +0 hand axe.
Items here: ))) [[[.
You hit the orc. You burn the orc.
You kill the orc!
Things that are here:
a +0 hand axe; a +0 leather armour; an orc corpse
Items here: ))) [[[.
There is an open door here.
You start resting.
Magic restored.
There is an open door here.
Things that are here:
a +0 hand axe; a +0 leather armour
There is an open door here.
Items here: ))) [[[ ††.
Things that are here:
a +0 hand axe; a +0 leather armour; a hobgoblin corpse The orc knight shouts!
You throw a poisoned dart.
The poisoned dart closely misses the orc knight.
You throw a poisoned dart. The poisoned dart hits the orc knight.
The orc knight is poisoned.
You throw a poisoned dart.
The poisoned dart barely misses the orc knight.
You throw a poisoned dart. The poisoned dart hits the orc knight.
The orc knight looks even sicker.
You throw a poisoned dart.
The poisoned dart barely misses the orc knight.
You throw a poisoned dart.
The poisoned dart barely misses the orc knight.
The orc knight attacks as you move away!
The orc knight hits you with a +0 war axe!
You hit the orc knight but do no damage.
Your bite misses the orc knight.
The orc knight is lightly wounded.
You hit the orc knight but do no damage.
The orc knight is lightly wounded.
The orc knight misses you.
You barely miss the orc knight.
You bite the orc knight, but do no damage.
The orc knight is lightly wounded.
You barely miss the orc knight. You bite the orc knight. You drain its power.
You feel invigorated.
The orc knight is lightly wounded.
The orc knight hits you with a +0 war axe!
You hit the orc knight. You burn the orc knight.
Your bite misses the orc knight.
The orc knight is lightly wounded.
You barely miss the orc knight. Your bite misses the orc knight.
The orc knight is lightly wounded.
The orc knight completely misses you.
You hit the orc knight but do no damage.
Your bite misses the orc knight.
The orc knight is lightly wounded.
You barely miss the orc knight.
The orc knight is lightly wounded.
The orc knight hits you with a +0 war axe.
You hit the orc knight but do no damage.
The orc knight is lightly wounded.
You hit the orc knight but do no damage.
Your bite misses the orc knight.
The orc knight is lightly wounded.
The orc knight hits you with a +0 war axe!
You closely miss the orc knight. Your bite misses the orc knight.
The orc knight is moderately wounded.
You completely miss the orc knight. You bite the orc knight!
You drain its power.
You feel invigorated.
The orc knight is moderately wounded.
The orc knight hits you with a +0 war axe!
You can now pass through a line of other dancers.
The orc knight attacks as you move away!
The orc knight hits you with a +0 war axe!
* * * LOW HITPOINT WARNING * * *
Okay, then.
You feel very mighty all of a sudden.
The orc knight hits you with a +0 war axe!
* * * LOW HITPOINT WARNING * * *
You barely miss the orc knight.
The orc knight is heavily wounded.
You puncture the orc knight! You burn the orc knight.
The orc knight is severely wounded.
The orc knight hits you with a +0 war axe!
You die...

##.....## #.......#
##.......## #.........#
##.........##
#######.))).⌠.....####
##.....##.........##...
#.......'.........'....
##.....@.##.......##))..
#......o..#.......#)))..
##.........##.....##.....
#.....⌠.....#######.....⌠
##.........## ##.....
#.........# #.....
##.......## ##....
#..()...# #.... ##.()..##
##...


You could see an orc knight (poisoned).

Vanquished Creatures
  A troll (D:9)
  Grinder (D:5)
  Sigmund (D:5)
  Grum (D:8)
  Eustachio (D:5)
  3 steam dragons (D:8)
  5 water moccasins
  6 orc warriors
  2 ice beasts (D:7)
  A sky beast (D:8)
  3 black bears (D:6)
  4 wolves
  A centaur (D:8)
  Blork the orc (D:6)
  3 bullfrogs
  3 kobold brigands
  A gnoll sergeant (D:8)
  2 scorpions
  9 wights
  24 killer bees
  2 hounds
  7 orc priests
  2 sleepcaps
  7 iguanas
  Natasha (thrice) (D:4)
  3 orc wizards
  8 mummies (Ossuary)
  5 adders
  11 gnolls
  4 white imps
  4 ufetubi
  A worm (D:3)
  3 dart slugs
  47 orcs
  5 endoplasms
  A gnoll zombie (Ossuary)
  20 goblins
  16 hobgoblins
  24 kobolds
  9 ball pythons
  8 bats
  4 frilled lizards
  3 hobgoblin zombies (Ossuary)
  3 kobold zombies (Ossuary)
  An orc zombie (Ossuary)
  5 rats
279 creatures vanquished.

Vanquished Creatures (others)
  A killer bee (D:8)
1 creature vanquished.

Grand Total: 280 creatures vanquished

Notes
Turn   | Place    | Note
-------+----------+-------------------------------------------
     0 | D:1      | GloriousHammer the Vine Stalker Brigand began the quest for
                  | the Orb.
     0 | D:1      | Reached XP level 1. HP: 11/11 MP: 2/2
    79 | D:1      | Reached skill level 2 in Short Blades
   140 | D:1      | Reached skill level 5 in Stealth
   140 | D:1      | Reached XP level 2. HP: 15/15 MP: 3/3
   652 | D:2      | Reached XP level 3. HP: 7/18 MP: 4/4
  1090 | D:2      | Reached skill level 3 in Short Blades
  1090 | D:2      | Gained mutation: Your natural rate of healing is unusually
                  | fast. [Vine Stalker growth]
  1090 | D:2      | Reached XP level 4. HP: 23/23 MP: 3/5
  1471 | D:3      | Found Daegiqum's Magic Scroll Boutique.
  1562 | D:3      | Bought a scroll of revelation for 97 gold pieces
  1850 | D:3      | Reached XP level 5. HP: 26/26 MP: 6/6
  1859 | D:3      | Identified the +1 robe of Tomorrow {rF+}
  2307 | D:3      | Bought a scroll of identify for 26 gold pieces
  2373 | D:4      | Reached skill level 1 in Armour
  2575 | D:4      | Reached XP level 6. HP: 17/30 MP: 3/7
  2579 | D:4      | Reached skill level 4 in Short Blades
  2694 | D:4      | Noticed Natasha
  2708 | D:4      | Killed Natasha
  3227 | D:4      | Reached XP level 7. HP: 19/30 MP: 2/8
  3502 | D:4      | Found a staircase to the Ecumenical Temple.
  3505 | D:4      | Noticed Natasha
  3514 | D:4      | Killed Natasha
  4147 | D:4      | Noticed Natasha
  4153 | D:4      | Killed Natasha
  4154 | D:4      | Reached skill level 5 in Short Blades
  4275 | Temple   | Entered the Ecumenical Temple
  4281 | Temple   | Became a worshipper of Uskayaw the Reveller
  4306 | D:5      | Entered Level 5 of the Dungeon
  4310 | D:5      | Reached * piety under Uskayaw
  4318 | D:4      | Reached ** piety under Uskayaw
  4327 | D:4      | Reached *** piety under Uskayaw
  4432 | D:5      | Found a glowing golden altar of the Shining One.
  4544 | D:5      | Found a sand-covered staircase.
  4573 | Ossuary  | Entered an ossuary
  4608 | Ossuary  | Reached **** piety under Uskayaw
  4611 | Ossuary  | Gained mutation: You have razor-sharp teeth. [Vine Stalker
                  | growth]
  4611 | Ossuary  | Reached XP level 8. HP: 22/38 MP: 9/9
  4621 | Ossuary  | Reached ***** piety under Uskayaw
  4757 | Ossuary  | Reached skill level 6 in Short Blades
  4988 | D:5      | Noticed Grinder
  5009 | D:5      | Noticed Sigmund
  5022 | D:5      | Killed Sigmund
  5023 | D:5      | Reached skill level 1 in Invocations
  5342 | D:5      | Killed Grinder
  5343 | D:5      | Reached skill level 7 in Short Blades
  5852 | D:5      | Noticed Eustachio
  5972 | D:5      | Killed Eustachio
  5991 | D:6      | Reached XP level 9. HP: 42/42 MP: 12/12
  6267 | D:6      | Reached skill level 8 in Short Blades
  6741 | D:6      | Noticed Blork the orc
  6749 | D:6      | Killed Blork the orc
  7714 | D:7      | Found a runed translucent gate.
  7715 | D:7      | Found a runed translucent gate.
  7716 | D:7      | Found a runed translucent gate.
  7716 | D:7      | Noticed a spectral unseen horror
  7718 | D:7      | Noticed Unforgiven's ghost (novice TrFi)
  7753 | D:7      | Reached skill level 5 in Armour
  7949 | D:7      | Reached skill level 9 in Short Blades
  7949 | D:7      | Reached XP level 10. HP: 46/49 MP: 12/14
  8013 | D:7      | Found a sparkling altar of Nemelex Xobeh.
  8014 | D:7      | Found a shadowy altar of Dithmenos.
  8015 | D:7      | Found an ornate altar of the Wu Jian Council.
  8015 | D:7      | Found an ancient bone altar of Kikubaaqudgha.
  8016 | D:7      | Found a glowing silver altar of Zin.
  8016 | D:7      | Found a hazy altar of Hepliaklqana.
  8118 | D:7      | Reached skill level 5 in Invocations
  8128 | D:7      | Reached ****** piety under Uskayaw
  8214 | D:7      | Found a bloodstained altar of Trog.
  8214 | D:7      | Found a stormy altar of Qazlal.
  8435 | D:8      | Noticed Grum
  8599 | D:8      | Killed Grum
  9033 | D:8      | HP: 2/50 [steam dragon/ball of steam (4)]
  9171 | D:8      | Noticed Joseph
  9222 | D:8      | Identified the +0 robe of Worphin {Dex+3}
  9702 | D:9      | Learned a level 2 spell: Wereblood
  9866 | D:9      | Reached skill level 10 in Short Blades
  9900 | D:9      | Reached skill level 1 in Transmutations
  9992 | D:9      | Found a staircase to the Orcish Mines.
 10003 | D:9      | Found a flagged portal.
 10024 | Bailey   | Entered a bailey
 10177 | Bailey   | Reached skill level 5 in Fighting
 10325 | Bailey   | Reached XP level 11. HP: 53/55 MP: 14/16
 10447 | Bailey   | Noticed an orc warlord
 10447 | Bailey   | Noticed an orc knight
 10447 | Bailey   | Noticed an orc knight
 10540 | Bailey   | Slain by an orc knight

Illustrated notes

Levels and vault maps discovered:
D:1:      minmay_arrival_checkered_box, layout_loops_ring
D:2:      layout_rooms
D:3:      layout_loops_corners, serial_shops, shop, kennysheep_generic_room_4
D:4:      layout_layer_cave, temple_doors_ab, serial_rivers,
          chequers_serial_rivers_small_b, chequers_serial_rivers_micro_b,
          chequers_serial_rivers_large_b, chequers_serial_rivers_micro_b,
          uniq_natasha
D:5:      layout_basic, tso_metal_star, nicolae_ossuary_entry_false_entrances,
          uniq_grinder, uniq_eustachio, uniq_sigmund
D:6:      layout_layer_cave, grunt_decor_junction, minmay_misc_feat_square,
          uniq_blork_the_orc
D:7:      layout_rooms, grunt_temple_overflow_open,
          gammafunk_temple_overflow_statue, gammafunk_ghost_necromancy
D:8:      layout_gridville, serial_bayou_pond_e, hex_large, uniq_joseph,
          uniq_grum
D:9:      layout_stronghold, orc_0_dummy, enter_bailey_4
Temple:   chequers_temple_sunken
Bailey:   bailey_axe_minmay_hex_keep, bailey

Skill      XL: |  1  2  3  4  5  6  7  8  9 10 |
---------------+-------------------------------+-----
Short Blades   | 2 3 4 5 7 9 10 | 10.0
Throwing       | 2 3 4 |  4.0
Stealth        | 5 6 |  6.0
Armour         | 1 2 4 5 6 |  6.0
Invocations    | 3 4 6 |  6.4
Fighting       | 3 5 |  5.1
Transmutations | 2 |  2.5
Dodging        | |  0.7

Action                     |  1- 3 |  4- 6 |  7- 9 | 10-12 || total
---------------------------+-------+-------+-------+-------++-------
  Melee: Dagger            |    70 |   177 |   420 |   369 ||  1036
         Bite              |    18 |    50 |   149 |   117 ||   334
         Punch             |     1 |       |     9 |     6 ||    16
  Throw: Dart              |     3 |     1 |    11 |    20 ||    35
         Boomerang         |       |     8 |       |     8 ||    16
    Use: Scroll            |       |     8 |     3 |     5 ||    16
         Potion            |       |       |       |     1 ||     1
   Stab: Sleeping          |     7 |     2 |     6 |     1 ||    16
         Paralysed         |       |       |    11 |    18 ||    29
         Distracted        |       |       |     2 |     1 ||     3
 Armour: Robe              |     3 |       |       |       ||     3
         Ring mail         |    12 |     4 |       |       ||    16
         Leather armour    |     2 |       |       |       ||     2
         Scale mail        |       |    41 |   119 |    97 ||   257
         Troll leather arm |       |       |       |    39 ||    39
  Dodge: Dodged            |    33 |    68 |   108 |   155 ||   364

Table legend: (Time is in decaauts)
 A = Elapsed time spent in this place.
 B = Non-inter-level travel time spent in this place.
 C = Inter-level travel time spent in this place.
 D = Time resting spent in this place.
 E = Time spent auto-exploring this place.
 F = Levels seen in this place.
 G = Mean time per level.
                   A        B        C        D        E       F      G
               +--------+--------+--------+--------+--------+-----+--------+
         Total |  10196 |   9685 |    511 |   1175 |   5808 |  12 |  849.7 |
       Dungeon |   9391 |   8888 |    503 |    895 |   5675 |   9 | 1043.4 |
        Temple |     15 |      8 |      7 |      0 |      0 |   1 |   15.0 |
       Ossuary |    323 |    323 |      0 |    116 |    100 |   1 |  323.0 |
        Bailey |    466 |    466 |      0 |    164 |     33 |   1 |  466.0 |
               +--------+--------+--------+--------+--------+-----+--------+

Top non-repeatable levels by time:
     D:4: 1873 daAuts
     D:6: 1439 daAuts
     D:5: 1301 daAuts
     D:3: 1138 daAuts
     D:8: 1110 daAuts
     D:7: 810 daAuts
     D:2: 770 daAuts
     D:1: 608 daAuts
  Bailey: 466 daAuts
     D:9: 338 daAuts
 Ossuary: 323 daAuts
  Temple: 15 daAuts
